 Dungeon Sprint DCSS version 0.29-a0-1006-g0dd7720b37 (webtiles) character file.

Game seed: 12277527715268919267

1966 mhtbhm the Imperceptible (level 9, -2/69 HPs)
             Began as a Spriggan Brigand on Aug 6, 2022.
             Was a Priest of Dithmenos.
             Slain by a centaur warrior (3 damage)
             ... in the Dungeon (Sprint III: "The Ten Rune Challenge").
             The game lasted 00:02:13 (689 turns).

mhtbhm the Imperceptible (Spriggan Brigand)          Turns: 689, Time: 00:02:14

Health: -2/69      AC:  7    Str:  7    XL:     9   Next: 0%
Magic:  15/15      EV: 18    Int: 12    God:    Dithmenos [***...]
Gold:   47         SH:  0    Dex: 21    Spells: 6/8 levels left

rFire   . . .      SeeInvis +   a - +2 dagger
rCold   . . .      Faith    .   (no shield)
rNeg    . . .      Spirit   .   b - +2 robe
rPois   .          Reflect  .   (helmet restricted)
rElec   .          Harm     .   m - +2 cloak
rCorr   .          Rampage  .   (gloves unavailable)
Will    +....      NoTele   +   (boots unavailable)
Stlth   ..........              (no amulet)
HPRegen 0.21/turn               (no ring)
MPRegen 0.14/turn               (no ring)

@: berserking, wreathed by umbra, very quick
A: very small, no large weapons, unfitting armour, see invisible, speed 3
a: Renounce Religion, Shadow Step


You were in the Dungeon.
You worshipped Dithmenos.
Dithmenos was most pleased with you.
You visited 1 branch You collected 47 gold pieces.

Inventory:

Hand Weapons
 a - a +2 dagger (weapon)
Missiles
 d - 9 poisoned darts
 e - 3 curare-tipped darts (quivered)
Armour
 b - a +2 robe (worn)
 c - a +0 cloak
 m - a +2 cloak (worn)
Wands
 t - a wand of flame (7)
Scrolls
 k - a scroll of blinking
 o - a scroll of poison {unknown}
 p - 3 scrolls of identify
 s - a scroll of torment {unknown}
Potions
 f - a potion of curing
 h - a potion of haste
 i - 2 potions of magic
 l - a potion of brilliance {unknown}
 n - 3 potions of mutation {unknown}
 q - a potion of invisibility {unknown}
 r - 3 potions of flight
 u - a potion of might
Miscellaneous
 g - a piece from Xom's chessboard (15/15)


   Skills:
 + Level 4.9 Fighting
 + Level 7.3 Short Blades
 + Level 5.3 Throwing
 + Level 3.2 Dodging
 + Level 23.6 Stealth
 * Level 7.5 Invocations


You had 6 spell levels left.
You knew the following spells:

 Your Spells              Type           Power      Damage    Failure   Level
a - Wereblood             Tmut           0%         N/A       45%         2

Your spell library contained the following spells:

 Spells                   Type           Power      Damage    Failure   Level
 Beastly Appendage        Tmut           0%         N/A       32%         1
 Spider Form              Tmut/Pois      0%         N/A       69%         3


Dungeon Overview and Level Annotations

Branches:
Dungeon (1/1)

Altars:
Cheibriados
Dithmenos
Elyvilon
Fedhas
Gozag
Hepliaklqana
Kikubaaqudgha
Makhleb
Nemelex Xobeh
Okawaru
Qazlal
Ru
Sif Muna
Trog
Uskayaw
Vehumet
Wu Jian
Xom
Yredelemnul
Zin
The Shining One
Jiyva
Lugonu


Innate Abilities, Weirdness & Mutations

You are very small and have problems with some larger weapons.
You are too small for most types of armour.
You have supernaturally acute eyesight. (SInv)
You cover ground extremely quickly. (Speed+++)


Message History

You are too injured to fight recklessly!
You are too injured to fight recklessly!
You are too injured to fight recklessly!
You are too injured to fight recklessly!
You are too injured to fight recklessly!
You are too injured to fight recklessly!
You are too injured to fight recklessly!
You feel better.
The centaur shoots an arrow.
The arrow closely misses you.
The centaur warrior hits you but does no damage.
The centaur warrior misses you.
The centaur shoots an arrow.
The arrow hits you!
A red film seems to cover your vision as you go berserk!
You feel yourself moving faster!
You feel mighty! The centaur warrior misses you.
The centaur warrior barely misses you.
The centaur shoots an arrow.
The arrow hits you but does no damage. The centaur warrior hits you!
* * * LOW HITPOINT WARNING * * *
The centaur warrior barely misses you.
You hit the centaur warrior.
The centaur warrior is lightly wounded.
The centaur shoots an arrow.
The arrow hits you!
* * * LOW HITPOINT WARNING * * *
You puncture the centaur warrior!
The centaur warrior is moderately wounded.
The centaur warrior hits you but does no damage.
The centaur warrior closely misses you.
You puncture the centaur warrior!
The centaur warrior is heavily wounded.
The centaur shoots an arrow.
The arrow barely misses you.
The centaur warrior hits you but does no damage.
The centaur warrior kicks you.
* * * LOW HITPOINT WARNING * * *
You puncture the centaur warrior!
The centaur warrior is severely wounded.
The centaur shoots an arrow.
The arrow hits you!
* * * LOW HITPOINT WARNING * * *
You puncture the centaur warrior!
The centaur warrior is almost dead.
The centaur warrior misses you. The centaur warrior kicks you.
You die...

__#__# _)#÷_# ###'##
.....# .....# ####'#
_#...#+#############
_#...#.§§§§§§#.'...+
_#...#.#§§§#§#.#@..#
_#...'.#§§§#.#.#)c.#
_'...#.#§§§#...#.c.#
▓▓▓▓▓▓▓▓▓▓▓▓▓▓▓▓▓▓▓#


You could see a centaur warrior and a centaur.

Vanquished Creatures
  Erica (D)
  A deep elf pyromancer (D)
  A shadow (D)
  A spatial vortex (D)
  A centaur (D)
  An earth elemental (D)
  A water elemental (D)
  A necrophage (D)
  A jelly (D)
  Crazy Yiuf (D)
  A wizard (D)
  A necromancer (D)
  A kobold demonologist (D)
  3 humans (D)
  An endoplasm (D)
  3 rats (D)
20 creatures vanquished.

Notes
Turn   | Place    | Note
-------+----------+-------------------------------------------
     0 | D        | mhtbhm the Spriggan Brigand began the quest for the Orb.
     0 | D        | Reached XP level 1. HP: 10/10 MP: 2/2
    11 | D        | Reached skill level 6 in Stealth
    33 | D        | Reached skill level 7 in Stealth
    52 | D        | Noticed Crazy Yiuf
    55 | D        | Killed Crazy Yiuf
    56 | D        | Reached skill level 10 in Stealth
    56 | D        | Reached XP level 2. HP: 15/15 MP: 3/3
    56 | D        | Reached XP level 3. HP: 18/18 MP: 4/4
    60 | D        | Reached skill level 11 in Stealth
    98 | D        | Noticed a water elemental
   100 | D        | Killed a water elemental
   101 | D        | Reached skill level 13 in Stealth
   101 | D        | Reached XP level 4. HP: 23/23 MP: 5/5
   111 | D        | Found a shadowy altar of Dithmenos.
   111 | D        | Noticed a necrophage
   112 | D        | Found a basalt altar of Yredelemnul.
   112 | D        | Found a sacrificial altar of Ru.
   114 | D        | Reached skill level 14 in Stealth
   114 | D        | Killed a necrophage
   115 | D        | Reached skill level 15 in Stealth
   115 | D        | Reached XP level 5. HP: 28/28 MP: 6/6
   120 | D        | Became a worshipper of Dithmenos the Shadowed
   129 | D        | Found a hide-covered altar of Uskayaw.
   129 | D        | Found an iron altar of Okawaru.
   130 | D        | Found a bloodstained altar of Trog.
   130 | D        | Found an ornate altar of the Wu Jian Council.
   130 | D        | Noticed a human
   130 | D        | Noticed a human
   132 | D        | Killed a human
   133 | D        | Reached skill level 17 in Stealth
   133 | D        | Reached XP level 6. HP: 32/32 MP: 6/9
   133 | D        | Killed a human
   134 | D        | Reached skill level 5 in Short Blades
   134 | D        | Reached skill level 18 in Stealth
   169 | D        | Found a radiant altar of Vehumet.
   170 | D        | Found a shimmering blue altar of Sif Muna.
   170 | D        | Found an ancient bone altar of Kikubaaqudgha.
   174 | D        | Reached * piety under Dithmenos
   175 | D        | Reached skill level 19 in Stealth
   181 | D        | Reached XP level 7. HP: 37/37 MP: 9/11
   236 | D        | Learned a level 2 spell: Wereblood
   237 | D        | Found a glowing silver altar of Zin.
   238 | D        | Found a glowing golden altar of the Shining One.
   238 | D        | Found a white marble altar of Elyvilon.
   238 | D        | Noticed a deep elf pyromancer
   250 | D        | Killed a deep elf pyromancer
   251 | D        | Reached skill level 21 in Stealth
   251 | D        | Reached skill level 5 in Invocations
   373 | D        | Noticed a shadow
   375 | D        | Killed a shadow
   375 | D        | Reached ** piety under Dithmenos
   376 | D        | Reached XP level 8. HP: 42/42 MP: 13/13
   580 | D        | Found a blossoming altar of Fedhas.
   580 | D        | Found a stormy altar of Qazlal.
   581 | D        | Found a snail-covered altar of Cheibriados.
   581 | D        | Found a burning altar of Makhleb.
   581 | D        | Found a hazy altar of Hepliaklqana.
   581 | D        | Found a shimmering altar of Xom.
   581 | D        | Found an opulent altar of Gozag.
   581 | D        | Found a sparkling altar of Nemelex Xobeh.
   581 | D        | Found a corrupted altar of Lugonu.
   581 | D        | Found a viscous altar of Jiyva.
   609 | D        | Reached skill level 5 in Throwing
   609 | D        | Reached skill level 22 in Stealth
   626 | D        | Noticed Erica
   629 | D        | Killed Erica
   630 | D        | Reached skill level 23 in Stealth
   677 | D        | Noticed a centaur warrior
   679 | D        | Reached *** piety under Dithmenos
   680 | D        | Reached XP level 9. HP: 46/46 MP: 15/15
   688 | D        | HP: 1/69 [centaur/arrow (8)]
   689 | D        | Slain by a centaur warrior

Illustrated notes

Levels and vault maps discovered:
D:        dungeon_sprint_mu [sprint_mu_entry_cave, sprint_mu_temple_rooms,
          sprint_mu_d1_horrors, sprint_mu_d2_genie, sprint_mu_d3_branching,
          sprint_mu_orc_legion, sprint_mu_elf_gauntlet, sprint_mu_hive_nellie,
          sprint_mu_lair_fedhas, sprint_mu_vaults_butterflies,
          sprint_mu_slime_circle, sprint_mu_swamp_cave, sprint_mu_snake_twists,
          sprint_mu_blade_basic, sprint_mu_crypt_fortress,
          sprint_mu_tomb_spiral, sprint_mu_vestibule_basic,
          sprint_mu_gehenna_hellfire, sprint_mu_dis_giant,
          sprint_mu_tartarus_statrot, sprint_mu_cocytus_islands, sprint_mu_zot1]

Skill      XL: |  1  2  3  4  5  6  7  8 |
---------------+-------------------------+-----
Stealth        | 10 13 15 17 19 21 23 | 23.6
Fighting       | 2 3 4 |  4.9
Short Blades   | 3 4 5 6 7 |  7.3
Throwing       | 3 4 5 |  5.3
Invocations    | 2 4 6 7 |  7.5
Dodging        | 2 3 |  3.2

Action                   |  1- 3 |  4- 6 |  7- 9 || total
-------------------------+-------+-------+-------++-------
Melee: Dagger            |     9 |    13 |    52 ||    74
       Punch             |       |       |     3 ||     3
Throw: Dart              |       |       |     2 ||     2
Invok: Shadow Step       |       |       |     1 ||     1
  Use: Potion            |       |     1 |     3 ||     4
 Stab: Sleeping          |     5 |     4 |     4 ||    13
Armor: Robe              |       |     1 |     7 ||     8
Dodge: Dodged            |     2 |     4 |    22 ||    28

Table legend: (Time is in decaauts)
 A = Elapsed time spent in this place.
 B = Non-inter-level travel time spent in this place.
 C = Inter-level travel time spent in this place.
 D = Time resting spent in this place.
 E = Time spent auto-exploring this place.
 F = Levels seen in this place.
 G = Mean time per level.
                   A        B        C        D        E       F      G
               +--------+--------+--------+--------+--------+-----+--------+
         Total |    587 |    587 |      0 |    344 |     19 |   1 |  587.0 |
       Dungeon |    587 |    587 |      0 |    344 |     19 |   1 |  587.0 |
               +--------+--------+--------+--------+--------+-----+--------+

Top non-repeatable levels by time:
       D: 587 daAuts
